 Dungeon Crawl Stone Soup version 0.29-a0-418-gc0181ea820 (webtiles) character file.

Game seed: 9566454736317233497

35 hquester the Skirmisher (level 3, 0/29 HPs)
             Began as a Demonspawn Abyssal Knight on May 17, 2022.
             Was a Believer of Lugonu.
             Succumbed to an adder's poison
             ... on level 2 of the Dungeon.
             The game lasted 00:03:23 (1371 turns).

hquester the Skirmisher (Demonspawn Abyssal Knight) Turns: 1371, Time: 00:03:24

Health: 0/29       AC:  3    Str: 10 (13) XL:     3   Next: 17%
Magic:  5/5        EV: 11    Int:  9 (11) God:    Lugonu [**....]
Gold:   49         SH:  0    Dex: 12 (15) Spells: 2/2 levels left

rFire   + . .      SeeInvis .   a - +1 short sword
rCold   + . .      Faith    .   (no shield)
rNeg    . . .      Spirit   .   b - +0 leather armour
rPois   +          Reflect  .   (helmet restricted)
rElec   +          Harm     .   (no cloak)
rCorr   +          Rampage  .   (no gloves)
Will    .....                   (no boots)
Stlth   +.........              (no amulet)
HPRegen 0.09/turn               (no ring)
MPRegen 0.09/turn               (no ring)

@: lethally poisoned (0 -> -3), resistant
A: horns 1, demonic magic 1
a: Renounce Religion, Depart the Abyss, Bend Space


You were on level 2 of the Dungeon.
You worshipped Lugonu.
Lugonu was pleased with you.
You visited 1 branch of the dungeon, and saw 2 of its levels.
You visited the Abyss 1 time.

You collected 49 gold pieces.

Inventory:

Hand Weapons
 a - a +1 short sword (weapon)
Armour
 b - a +0 leather armour (worn)
Scrolls
 e - a scroll of enchant armour {unknown}
 f - a scroll of fog {unknown}
 g - a scroll of blinking {unknown}
 h - a scroll of amnesia {unknown}
 l - a scroll of poison {unknown}
Potions
 i - a potion of might {unknown}
 j - a potion of haste {unknown}
 k - a potion of heal wounds {unknown}


   Skills:
 + Level 3.2 Fighting
 + Level 2.1 Short Blades
 + Level 2.1 Armour
 + Level 1.4 Dodging
 + Level 3.0 Invocations


You had 2 spell levels left.
You didn't know any spells.
Your spell library was empty.

Dungeon Overview and Level Annotations

Branches:
Dungeon (2/15)

Altars:


Innate Abilities, Weirdness & Mutations

You have a pair of small horns on your head.
Spells you cast may paralyse adjacent enemies.


Message History

You headbutt the adder, but do no damage.
The adder is heavily wounded.
You feel sick. The adder bites you.
You are lethally poisoned!
The adder poisons you!
You hit the adder. Your headbutt misses the adder.
The adder is severely wounded.
You feel very sick. The adder closely misses you.
You barely miss the adder. Your headbutt misses the adder.
The adder is severely wounded.
* * * LOW HITPOINT WARNING * * *
You feel sick. The adder bites you but does no damage.
The adder barely misses you. The endoplasm barely misses you.
You hit the adder.
You kill the adder!
Lugonu accepts your kill.
* * * LOW HITPOINT WARNING * * *
You feel sick. The endoplasm barely misses you.
You have reached level 3!
Your experience leads to an increase in your attributes!
Increase (S)trength, (I)ntelligence, or (D)exterity?
You feel agile. x2; Your demonic ancestry asserts itself...
A menacing aura infuses your magic.
You hit the endoplasm. You headbutt the endoplasm.
The endoplasm is almost dead.
* * * LOW HITPOINT WARNING * * *
You feel sick. The endoplasm freezes you.
You are frozen.
* * * LOW HITPOINT WARNING * * *
It was a potion of resistance.
You feel protected.
* * * LOW HITPOINT WARNING * * *
You feel sick.
The endoplasm hits you but does no damage.
It was a potion of degeneration.
There was something very wrong with that liquid.
You feel weakened.
You feel dopey.
You feel clumsy.
You die...

#.. ...
#.# #.#
.(. #.#
#.# #J#
#@# #.†.#
.......
###...###
##.## #.#
#.# #.#


You could see an endoplasm.

Vanquished Creatures
  An adder (D:2)
  4 endoplasms (D:1)
  3 giant cockroaches (D:1)
  3 hobgoblins (D:1)
  2 ball pythons (D:1)
  2 bats (D:1)
  4 goblins (D:1)
  3 kobolds (D:1)
  3 rats (D:1)
25 creatures vanquished.

Notes
Turn   | Place    | Note
-------+----------+-------------------------------------------
     0 | Abyss:1  | hquester the Demonspawn Abyssal Knight began the quest for
                  | the Orb.
     0 | Abyss:1  | Reached XP level 1. HP: 18/18 MP: 2/2
    54 | Abyss:1  | Noticed a thrashing horror
   117 | Abyss:1  | Noticed an iron imp
   118 | D:1      | Escaped the Abyss
   152 | D:1      | Reached ** piety under Lugonu
   280 | D:1      | Reached skill level 1 in Dodging
   504 | D:1      | Gained mutation: You have a pair of small horns on your
                  | head. [demonic ancestry]
   504 | D:1      | Reached XP level 2. HP: 24/24 MP: 4/4
  1369 | D:2      | Gained mutation: Spells you cast may paralyse adjacent
                  | enemies. [demonic ancestry]
  1369 | D:2      | Reached XP level 3. HP: 6/29 MP: 5/5
  1370 | D:2      | HP: 1/29 [poisoned by an adder]
  1371 | D:2      | Succumbed to an adder's poison

Illustrated notes

Levels and vault maps discovered:
D:1:      elethiomel_arrival_shortcut, layout_rooms, skrybe_limestone_x
D:2:      layout_loops_ring, uniq_natasha

Skill      XL: |  1  2 |
---------------+-------+-----
Dodging        | 1 |  1.4
Armour         | 2 |  2.1
Short Blades   | 2 |  2.1
Invocations    | 3 |  3.0
Fighting       | |  3.2

Action                   || total
-------------------------++-------
Melee: Short sword       ||    94
       Punch             ||     1
       Headbutt          ||     7
Invok: Depart the Abyss  ||     1
  Use: Potion            ||     2
Armor: Leather armour    ||    44
Dodge: Dodged            ||    34

Table legend: (Time is in decaauts)
 A = Elapsed time spent in this place.
 B = Non-inter-level travel time spent in this place.
 C = Inter-level travel time spent in this place.
 D = Time resting spent in this place.
 E = Time spent auto-exploring this place.
 F = Levels seen in this place.
 G = Mean time per level.
                   A        B        C        D        E       F      G
               +--------+--------+--------+--------+--------+-----+--------+
         Total |   1370 |   1338 |     32 |    241 |    848 |   3 |  456.7 |
       Dungeon |   1252 |   1220 |     32 |    241 |    758 |   2 |  626.0 |
         Abyss |    118 |    118 |      0 |      0 |     90 |   1 |  118.0 |
               +--------+--------+--------+--------+--------+-----+--------+

Top non-repeatable levels by time:
     D:1: 1239 daAuts
 Abyss:1: 118 daAuts
     D:2: 13 daAuts
